 Dungeon Crawl Stone Soup version 0.27.0-1-g7a089689b8 (webtiles) character file.

Game seed: 7527112986653965806

116 MajorAdolf the Skirmisher (level 5, 0/53 HPs)
             Began as a Naga Wanderer on Aug 10, 2021.
             Succumbed to Sigmund's poison
             ... on level 3 of the Dungeon.
             The game lasted 00:02:26 (1975 turns).

MajorAdolf the Skirmisher (Naga Wanderer)           Turns: 1975, Time: 00:02:26

Health: 0/53       AC: 11    Str: 19    XL:     5   Next: 1%
Magic:  15/15      EV:  4    Int: 11    God:
Gold:   92         SH:  0    Dex: 12    Spells: 5/6 levels left

rFire    . . .     SeeInvis +   a - +0 shortbow
rCold    . . .     Faith    .   (shield currently unavailable)
rNeg     . . .     Spirit   .   f - +0 plate armour
rPois    +         Reflect  .   (no helmet)
rElec    .         Harm     .   (no cloak)
rCorr    .         Rampage  .   (no gloves)
Will     .....                  (no barding)
Stlth    ..........             p - amulet of the acrobat
HPRegen  0.17/turn              l - +4 ring of protection
MPRegen  0.14/turn              g - ring of magical power

@: lethally poisoned (0 -> -1), short of breath, very slow
A: AC +1, large, see invisible, deformed body, poison resistance, slowness 2,
spit poison 1, naga tail 1, robust 1, strong 2, wild magic 1
a: Spit Poison


You were on level 3 of the Dungeon.
You visited 1 branch of the dungeon, and saw 3 of its levels.

You collected 92 gold pieces.

Inventory:

Hand Weapons
 a - a +0 shortbow (weapon)
Missiles
 b - 6 arrows (quivered ammo)
Armour
 d - a +0 robe
 f - a +0 plate armour (worn)
Jewellery
 g - a ring of magical power (right hand)
 l - a +4 ring of protection (left hand)
 m - an amulet of magic regeneration
 p - an amulet of the acrobat (around neck)
 r - a +6 ring of dexterity
Scrolls
 c - a scroll of teleportation
 e - a scroll of fear {unknown}
 i - a scroll of amnesia {unknown}
 j - a scroll of enchant weapon {unknown}
 k - a scroll of identify {unknown}
Potions
 h - a potion of mutation
 n - a potion of lignification {unknown}
 o - a potion of attraction {unknown}
 q - a potion of curing {unknown}


   Skills:
 + Level 3.2 Fighting
 - Level 1.0 Bows
 + Level 1.9 Armour
 + Level 1.9 Dodging
 - Level 1.5 Stealth
 - Level 1.0 Shields
 - Level 1.0 Spellcasting
 - Level 3.0 Transmutations
 - Level 1.0 Fire Magic


You had 5 spell levels left.
You knew the following spells:

 Your Spells              Type           Power      Damage    Failure   Level
a - Foxfire               Conj/Fire      8%         2x1d4     100%        1

Your spell library contained the following spells:

 Spells                   Type           Power      Damage    Failure   Level
 Conjure Flame            Conj/Fire      2%         6-21      100%        3
 Gell's Gravitas          Tloc           0%         N/A       100%        3
 Inner Flame              Hex/Fire       2%         N/A       100%        3
 Teleport Other           Tloc           0%         N/A       100%        3
 Sticky Flame             Conj/Fire      2%         2d3       100%        4
 Fireball                 Conj/Fire      1%         3d3       100%        5
 Dispersal                Tloc           0%         N/A       100%        6


Dungeon Overview and Level Annotations

Branches:
Dungeon (3/15)

Altars:
Wu Jian

Annotations:
D:2 1 runed translucent door, Crazy Yiuf
D:3 Sigmund


Innate Abilities, Weirdness & Mutations

Your serpentine skin is tough. (AC +1)
You have supernaturally acute eyesight. (SInv)
Armour fits poorly on your strangely shaped body.
Your system is resistant to poisons. (rPois)
You cover ground very slowly.
You can spit poison.
You have a snake-like lower body.
You are robust. (+10% HP)
Your muscles are very strong. (Str +4)
Your spells are a little harder to cast, but a little more powerful.


Message History

You resist with some effort.
You shoot an arrow.
The arrow hits Sigmund but does no damage.
Sigmund is heavily wounded.
Sigmund hits you from afar with a +2 scythe of venom!
You are poisoned.
Unknown command.
You shoot an arrow.
The arrow hits Sigmund but does no damage.
Sigmund is heavily wounded.
You feel sick.
Sigmund hits you from afar with a +2 scythe of venom!
You are too injured to fight recklessly!
You are too injured to fight recklessly!
Okay, then.
Press: ? - help, Shift-Dir - straight line, f/p - Sigmund
Aim: Sigmund, wielding a +2 scythe of venom and wearing a +2 robe of cold resistance (heavily wounded, slightly transparent)
The splash of poison hits Sigmund.
Sigmund is severely wounded.
You feel sick.
Sigmund hits you from afar with a +2 scythe of venom.
* * * LOW HITPOINT WARNING * * *
Unknown command.
Fire: 8 arrows
Press: ? - help, Q - select action, (/) - cycle Shift-Dir - straight line, f/p - Sigmund
Aim: Sigmund, wielding a +2 scythe of venom and wearing a +2 robe of cold resistance (severely wounded, slightly transparent, 53% to hit)
You shoot an arrow. The arrow closely misses Sigmund.
You feel sick. Sigmund hits you but does no damage. x2
Fire: 7 arrows
Press: ? - help, Q - select action, (/) - cycle Shift-Dir - straight line, f/p - Sigmund
Aim: Sigmund, wielding a +2 scythe of venom and wearing a +2 robe of cold resistance (severely wounded, slightly transparent, 50% to hit)
You shoot an arrow. The arrow hits Sigmund.
Sigmund is severely wounded.
You feel sick.
Sigmund hits you from afar with a +2 scythe of venom!
* * * LOW HITPOINT WARNING * * *
Unknown command.
It was a potion of mutation.
You feel extremely strange.
You feel less in control of your magic.
You feel robust.
You feel stronger. x2
You die...

#.........<...# #.......#
####.##.......# #.###.#.#
.##...........# .##..#.#
..............# #.##.##.#
..#..##.......###.##.##.#
..#..##.................#
..#..##.##.#####.###.####
.....##.##.#####.###.#
........ .......@....#
.#...### ..##.@#.#####
.....# ((.. #.# ##.#.#
(... ..# ##.#... (.. .###
...# ### .. .. #### # ##


You could see Sigmund (invisible).

Vanquished Creatures
  A bullfrog skeleton (D:3)
  Jessica (D:2)
  4 adders
  2 dart slugs (D:2)
  A ball python (D:1)
  2 bats
  An endoplasm (D:2)
  A giant cockroach (D:3)
  2 goblins
  2 jackals (D:2)
  2 quokkas (D:2)
  5 kobolds
24 creatures vanquished.

Notes
Turn   | Place    | Note
-------+----------+-------------------------------------------
     0 | D:1      | MajorAdolf the Naga Wanderer began the quest for the Orb.
     0 | D:1      | MajorAdolf set off with the following items: a +0 shortbow,
                  | 32 arrows, a scroll of teleportation, a +0 robe; and the
                  | following spell memorised: Foxfire; and the following
                  | spells available to memorise: Conjure Flame, Inner Flame,
                  | Sticky Flame, Fireball
     0 | D:1      | Reached XP level 1. HP: 19/19 MP: 2/2
   159 | D:1      | Found a faded altar of an unknown god.
   581 | D:2      | Reached XP level 2. HP: 26/26 MP: 3/3
   654 | D:2      | Reached skill level 1 in Armour
   661 | D:2      | Reached skill level 1 in Dodging
   661 | D:2      | Reached XP level 3. HP: 18/33 MP: 4/4
  1042 | D:2      | Noticed Jessica
  1045 | D:2      | Killed Jessica
  1046 | D:2      | Reached XP level 4. HP: 40/40 MP: 5/5
  1047 | D:2      | Found an ornate altar of the Wu Jian Council.
  1085 | D:2      | Found a runed translucent door.
  1086 | D:2      | Noticed Crazy Yiuf
  1854 | D:3      | Reached XP level 5. HP: 49/49 MP: 6/6
  1962 | D:3      | Noticed Sigmund
  1974 | D:3      | HP: 1/49 [Sigmund (9)]
  1975 | D:3      | Gained mutation: Your spells are a little harder to cast,
                  | but a little more powerful. [potion of mutation]
  1975 | D:3      | Gained mutation: You are robust. (+10% HP) [potion of
                  | mutation]
  1975 | D:3      | Gained mutation: Your muscles are strong. (Str +2) [potion
                  | of mutation]
  1975 | D:3      | Gained mutation: Your muscles are very strong. (Str +4)
                  | [potion of mutation]
  1975 | D:3      | Succumbed to Sigmund's poison

Illustrated notes

Levels and vault maps discovered:
D:1:      heliophobic_arrival_ceremonial_halls, layout_rooms,
          ebering_ecumenical_altar_rust
D:2:      layout_basic, basic_altar, uniq_crazy_yiuf_cottage, uniq_jessica
D:3:      layout_loops_cross, uniq_ijyb, uniq_sigmund

Skill      XL: |  1  2  3  4 |
---------------+-------------+-----
Armour         | 1 |  1.9
Dodging        | 1 |  1.9
Fighting       | 3 |  3.2
Bows           | |  1.0
Stealth        | |  1.5
Shields        | |  1.0
Spellcasting   | |  1.0
Transmutations | |  3.0
Fire Magic     | |  1.0

Action                   |  1- 3 |  4- 6 || total
-------------------------+-------+-------++-------
 Fire: Shortbow          |    46 |    55 ||   101
 Abil: Spit Poison       |     1 |     6 ||     7
  Use: Potion            |       |     1 ||     1
Armor: Plate armour      |    20 |    35 ||    55
Dodge: Dodged            |     1 |     3 ||     4
